 Dungeon Crawl Stone Soup version 0.24-a0-420-g24607be9ce (webtiles) character file.

Game seed: 10857386032793700858

9 Amnesiac the Insei (level 2, 0/18 HPs)
             Began as an Octopode Transmuter on June 11, 2019.
             Slain by a hound (2 damage)
             ... on level 4 of the Dungeon.
             The game lasted 00:02:01 (316 turns).

Amnesiac the Insei (Octopode Transmuter)             Turns: 316, Time: 00:02:02

Health: 0/18       AC:  1    Str:  9    XL:     2   Next: 12%
Magic:  5/5        EV: 13    Int: 15    God:
Gold:   0          SH:  0    Dex: 12    Spells: 2/5 levels left

rFire    . . .     SeeInvis .   e - +0 hunting sling
rCold    . . .     Gourm    .   (no shield)
rNeg     . . .     Faith    .   (helmet restricted)
rPois    .         Spirit   .   (no amulet)
rElec    .         Reflect  .   d - ring of flight
rCorr    .         Harm     .   (no ring)
MR       .....                  (no ring)
Stlth    ++........             (no ring)
HPRegen  0.06/turn              (no ring)
MPRegen  0.09/turn              (no ring)
                                (no ring)
                                (no ring)

@: no status effects
A: almost no armour, stealthy swim, amphibious, 8 rings, constrict 8, camouflage
1, gelatinous body 1
a: Evoke Flight


You were on level 4 of the Dungeon.
You were not hungry.

You visited 1 branch of the dungeon, and saw 4 of its levels.

Inventory:

Hand Weapons
 e - a +0 hunting sling (weapon)
Missiles
 a - 12 arrows
 f - 25 stones (quivered)
Jewellery
 d - a ring of flight (left tentacle)
Scrolls
 g - a scroll of blinking {!r, unknown}
 h - 2 scrolls of fear {!r, unknown}
 i - a scroll of teleportation {!r, unknown}
Comestibles
 b - a chunk of flesh
 c - 2 rations


   Skills:
 - Level 1.0 Fighting
 - Level 2.0 Dodging
 - Level 3.0 Unarmed Combat
 + Level 2.3 Spellcasting
 + Level 2.4 Transmutations


You had 2 spell levels left.
You knew the following spells:

 Your Spells              Type           Power        Failure   Level  Hunger
a - Beastly Appendage     Tmut           #.....       8%          1    #......
b - Sticks to Snakes      Tmut           #.......     12%         2    ###....

Your spell library contained the following spells:

 Spells                   Type           Power        Failure   Level  Hunger
 Spider Form              Tmut/Pois      #.........   36%         3    ###....
 Ice Form                 Ice/Tmut       #.......     78%         4    #####..
 Blade Hands              Tmut           #.........   91%         5    ######.


Dungeon Overview and Level Annotations

Branches:
Dungeon (4/15)
 Temple: D:4-7

Altars:
Qazlal


Innate Abilities, Weirdness & Mutations

You cannot wear most types of armour.
You are very stealthy in the water. (Stealth+)
You are amphibious.
You can wear up to eight rings at the same time.
You can use your tentacles to constrict eight enemies at once.
Your skin changes colour to match your surroundings (Stealth+).
Your rubbery body absorbs attacks. (AC +1, EV +1)


Message History

No target in view!
No target in view!
No target in view!
No target in view!
Firing (i - inventory)
f - 33 stones (quivered)
Press: ? - help, Shift-Dir - straight line, f/p - phantom
Aim: a phantom (lightly damaged)
You shoot a stone. The stone misses the phantom.
Firing (i - inventory)
f - 32 stones (quivered)
Press: ? - help, Shift-Dir - straight line, f/p - phantom
Aim: a phantom (lightly damaged)
You shoot a stone. The stone hits the phantom.
The phantom is moderately damaged.
Firing (i - inventory)
f - 31 stones (quivered)
Press: ? - help, Shift-Dir - straight line, f/p - phantom
Aim: a phantom (moderately damaged)
You shoot a stone. The stone closely misses the phantom.
Firing (i - inventory)
f - 30 stones (quivered)
Press: ? - help, Shift-Dir - straight line, f/p - phantom
Aim: a phantom (lightly damaged)
You shoot a stone. The stone hits the phantom.
The phantom is moderately damaged.
The phantom misses you.
Firing (i - inventory)
f - 29 stones (quivered)
Press: ? - help, Shift-Dir - straight line, f/p - phantom
Aim: a phantom (moderately damaged)
You shoot a stone. The stone hits the phantom.
The phantom is heavily damaged.
The phantom closely misses you.
Firing (i - inventory)
f - 28 stones (quivered)
Press: ? - help, Shift-Dir - straight line, f/p - phantom
Aim: a phantom (heavily damaged)
You shoot a stone. The stone hits the phantom.
The phantom is heavily damaged.
The phantom closely misses you.
Firing (i - inventory)
f - 27 stones (quivered)
Press: ? - help, Shift-Dir - straight line, f/p - phantom
Aim: a phantom (heavily damaged)
You shoot a stone. The stone closely misses the phantom.
The phantom hits you!
Firing (i - inventory)
f - 26 stones (quivered)
Press: ? - help, Shift-Dir - straight line, f/p - phantom
Aim: a phantom (heavily damaged)
You shoot a stone.
The stone hits the phantom but does no damage.
The phantom is heavily damaged.
The phantom hits you.
* * * LOW HITPOINT WARNING * * *
The phantom hits you.
* * * LOW HITPOINT WARNING * * *
You are too injured to fight recklessly!
You are too injured to fight recklessly!
You are too injured to fight recklessly!
You are too injured to fight recklessly!
You are too injured to fight recklessly!
You are too injured to fight recklessly!
You are too injured to fight recklessly!
You are too injured to fight recklessly!
You are too injured to fight recklessly!
You are too injured to fight recklessly!
You are too injured to fight recklessly!
You are too injured to fight recklessly!
You are too injured to fight recklessly!
The hound bites you.
You die...

.......(####.# # .
........(##..#
.......#..(..##
...####...(...##
.#...#?(..<....##
#............#
#...W..........#
.####...............
.......@h..........#.
..................##
..(........#.....##
.##..#####.....###
...# ##.....# #.##
#####. #


You could see a phantom and a hound.

Vanquished Creatures
  An ooze (D:3)
  A giant cockroach (D:4)
  A kobold (D:2)
  2 frilled lizards
5 creatures vanquished.

Notes
Turn   | Place    | Note
-------+----------+-------------------------------------------
     0 | D:1      | Amnesiac the Octopode Transmuter began the quest for the
                  | Orb.
     0 | D:1      | Reached XP level 1. HP: 13/13 MP: 3/3
   158 | D:3      | Reached XP level 2. HP: 11/18 MP: 5/5
   164 | D:3      | Learned a level 2 spell: Sticks to Snakes
   174 | D:3      | Found a stormy altar of Qazlal.
   282 | D:4      | Noticed a phantom
   284 | D:4      | Noticed a scorpion
   316 | D:4      | Slain by a hound

Levels and vault maps discovered:
D:1:      dpeg_arrival_pits, layout_basic
D:2:      layout_basic, overflow_temple_1_default, uniq_jessica
D:3:      layout_basic, old_standard_altar
D:4:      layout_layer_cave, makhleb_blood_cavern_becter, first_ration,
          serial_shops, shop, minivault_5, kennysheep_generic_room_2

Action                   || total
-------------------------++-------
Melee: Unarmed           ||     5
 Fire: Hunting sling     ||    34
 Stab: Sleeping          ||     1
Dodge: Dodged            ||    12

Table legend:
 A = Non-vault XP
 B = Vault XP
 C = Vault XP percentage of total XP
 D = Non-vault monster count
 E = Vault monster count
 F = Vault count percentage of total count
                 A         B        C        D         E       F
            +---------+---------+-------+---------+---------+-------
      Total |      13 |       0 |   0.0 |       5 |       0 |   0.0
            +---------+---------+-------+---------+---------+-------
        D:2 |       3 |       0 |   0.0 |       2 |       0 |   0.0
        D:3 |       8 |       0 |   0.0 |       2 |       0 |   0.0
        D:4 |       2 |       0 |   0.0 |       1 |       0 |   0.0
            +---------+---------+-------+---------+---------+-------
